Cogmind - Beta 9.1 @@@ ROGUE MODE // 2019.10.30 @ 20:16:02 Player: MrPainting Result: Self-destructed Performance ------------- Evolutions (2) 1000 Regions Visited (5) 1000 Robots Destroyed (31) 155 Value Destroyed (973) 973 Prototype IDs (1) 20 Alien Tech Used (0) 0 Bonus (300) 300 TOTAL SCORE: 3448 Bonus ------- Aligned with FarCom 300 Cogmind --------- Core Integrity 69/550 Matter 300/300 Energy 100/100 System Corruption 0% Temperature Cool (355) Location -8/Materials Parts ------- Power (1) Propulsion (4) Utility (2) High-capacity Storage Unit High-capacity Storage Unit Weapon (4) Inventory (20) Advanced Treads Heat Sink Humpback Compact Battery (300) Improved Sensor Array Advanced Targeting Computer Particle Charger Improved Utility Shielding Heavy Armor Plating Heavy Armor Plating Long-range Tractor Beam XL Autogun Array Peak State ------------ Power Light Ion Engine Propulsion Light Treads Light Treads Light Treads Light Treads Utility High-capacity Storage Unit High-capacity Storage Unit Weapon Lightning Gun Lightning Gun Lightning Gun Lightning Gun Inventory Light Treads Advanced Treads Humpback Compact Battery Particle Charger Improved Utility Shielding Heavy Armor Plating Heavy Armor Plating XL Autogun Array [Rating: 29] Favorites ----------- Power Improved Ion Engine Engine Improved Ion Engine Propulsion Light Treads Treads Light Treads Leg Aluminum Leg Utility High-capacity Storage Unit Storage High-capacity Storage Unit Protection Light Armor Plating Weapon Lightning Gun Energy Gun Lightning Gun Ballistic Gun Heavy Assault Rifle Ballistic Cannon Light Cannon Launcher Grenade Launcher Build | -11 -10 -10 -10 -9 -8 ------- Run | Scr Mat Min Exi Min Mat Slots Evolved 4 | . . . . . 4 Power . | . . . . . . Propulsion 2 | . . . . . 2 Utility . | . . . . . . Weapon 2 | . . . . . 2 Parts Attached 41 | 7 . 4 4 1 25 Power 5 | 1 . . 1 . 3 Engine 5 | 1 . . 1 . 3 Core . | . . . . . . Reactor . | . . . . . . Propulsion 13 | 2 . 2 . . 9 Treads 11 | . . 2 . . 9 Leg 2 | 2 . . . . . Wheel . | . . . . . . Hover . | . . . . . . Flight . | . . . . . . Utility 6 | 2 . 1 2 . 1 Device . | . . . . . . Storage 5 | 2 . . 2 . 1 Processor . | . . . . . . Hackware . | . . . . . . Protection 1 | . . 1 . . . Artifact . | . . . . . . Weapon 17 | 2 . 1 1 1 12 Energy Gun 11 | 2 . . 1 . 8 Energy Cannon . | . . . . . . Ballistic Gun 3 | . . . . . 3 Ballistic Cannon 2 | . . . . 1 1 Launcher 1 | . . 1 . . . Special Weapon . | . . . . . . Impact Weapon . | . . . . . . Slashing Weapon . | . . . . . . Piercing Weapon . | . . . . . . Special Melee Weapon . | . . . . . . Unidentified Prototypes 1 | . . . . . 1 Parts Lost 12 | . . . . . 12 Power 2 | . . . . . 2 Propulsion 5 | . . . . . 5 Utility . | . . . . . . Weapon 5 | . . . . . 5 Highest Loss Streak 11 | . . . . . 11 Average Slot Usage (%) 97 | . 100 100 100 100 94 Engine 11 | . 14 14 14 14 8 Treads 28 | . . 11 28 28 33 Leg 2 | . 28 16 . . . Storage 16 | . 28 16 14 14 16 Protection 7 | . . 11 14 14 1 Energy Gun 20 | . 28 17 19 23 19 Ballistic Gun 6 | . . . . . 13 Launcher 2 | . . 10 8 . . Naked Turns . | . . . . . . Heaviest Build 85 | 17 17 17 42 43 85 Greatest Support 80 | 20 20 40 40 40 80 Greatest Overweight (x) 23 | . . . 1 1 23 Average Overweight (x) . | . . . . 1 1 Largest Inventory Capacity 20 | 8 8 8 12 12 20 Average Capacity 13 | 5 8 6 8 12 19 Most Carried 20 | 4 5 6 10 11 20 Average Carried 12 | 1 4 5 8 10 17 Final Capacity 20 | 8 8 6 12 12 20 Final Carried 18 | 4 5 6 10 11 18 Class Distribution -------------------- 54% | Mutant 35% | Scavenger-Skirmisher 5% | Skirmisher 5% | Hauler-Skirmisher Dominant Class ---------------- Mutant | -10/Materials Mutant | -10/Mines Mutant | -10/Exiles Mutant | -9/Mines Scavenger-Skirmisher | -8/Materials Resources | -11 -10 -10 -10 -9 -8 ----------- Run | Scr Mat Min Exi Min Mat Matter Collected 778 | 270 . . . 58 450 Remotely . | . . . . . . Salvage Created 1391 | 60 . 54 . . 1277 Parts 71 | 2 . 3 . . 66 Haulers Intercepted 2 | . . . . . 2 Recyclers Shooed 1 | . . 1 . . . Parts Field Recycled . | . . . . . . Retrieved Matter . | . . . . . . Parts Self-Destructed . | . . . . . . Prevented . | . . . . . . Kills | -11 -10 -10 -10 -9 -8 ------- Run | Scr Mat Min Exi Min Mat Combat Hostiles Destroyed 19 | . . 3 . . 16 Guns 15 | . . 3 . . 12 AOE 3 | . . . . . 3 Classes Destroyed 9 | 1 . 1 . . 7 Worker 1 | . . . . . 1 Hauler 2 | . . . . . 2 Recycler 2 | 1 . . . . 1 Operator 3 | . . . . . 3 Watcher 4 | . . . . . 4 Swarmer 3 | . . 3 . . . Grunt 10 | . . . . . 10 Sentry 5 | . . . . . 5 Hunter 1 | . . . . . 1 Best Kill Streak 9 | 1 . 3 . . 9 Combat Bots Only 7 | . . 3 . . 7 Max Kills in Single Turn 4 | 1 . 2 . . 4 Gunslinging 1 | . . 1 . . 1 Exploded 2 | . . . . . 2 Melee . | . . . . . . Uniques/NPCs Destroyed . | . . . . . . Combat | -11 -10 -10 -10 -9 -8 -------- Run | Scr Mat Min Exi Min Mat Damage Taken 2455 | . . 73 . . 2382 Core 505 | . . 24 . . 481 Absorbed by Shields . | . . . . . . Core Remaining (%) 95 | 100 . . . 90 . Volleys Fired 54 | 3 . 6 . 1 44 Largest 4 | 2 . 2 . 2 4 Hottest 220 | 100 . 100 . 85 220 Shots Fired 183 | 6 . 12 . 2 163 Gun 182 | 6 . 12 . 1 163 Cannon 1 | . . . . 1 . Launcher . | . . . . . . Special . | . . . . . . Kinetic 71 | . . . . 1 70 Thermal 19 | 6 . 12 . 1 . Explosive . | . . . . . . Electromagnetic 93 | . . . . . 93 Robot Hit Streak 9 | 2 . 3 . 1 9 Robot Miss Streak 4 | 1 . 2 . 2 4 Penetration Max . | . . . . . . Secondary Targets 7 | . . 1 . . 6 Max Gunslinging Chain 1 | . . 1 . . 1 Shots Hit Robots 107 | 4 . 6 . 1 96 Core Hits 54 | 2 . 3 . . 49 Critical Hits 1 | . . . . . 1 Critical Kills 1 | . . . . . 1 Critical Parts Destroyed . | . . . . . . Melee Attacks . | . . . . . . Impact . | . . . . . . Slashing . | . . . . . . Piercing . | . . . . . . Sneak Attacks . | . . . . . . Combat Hostiles . | . . . . . . Follow-up Attacks . | . . . . . . Damage Inflicted 2393 | 50 . 61 . . 2282 Guns 1873 | 50 . 61 . . 1762 Cannons . | . . . . . . Explosions 510 | . . . . . 510 Melee . | . . . . . . Ramming 10 | . . . . . 10 Kinetic 495 | . . . . . 495 Thermal 621 | 50 . 61 . . 510 Explosive . | . . . . . . Electromagnetic 1267 | . . . . . 1267 Impact . | . . . . . . Slashing . | . . . . . . Piercing . | . . . . . . Highest Corruption . | . . . . . . Average Corruption . | . . . . . . Corruption Purged . | . . . . . . Overload Shots . | . . . . . . Overflow Damage 12 | . . . . . 12 Projectiles . | . . . . . . Explosions 12 | . . . . . 12 Melee . | . . . . . . Knockbacks . | . . . . . . Impact . | . . . . . . Kinetic . | . . . . . . Secondary . | . . . . . . Self-Inflicted Damage 52 | . . . . . 52 Shots 2 | . . . . . 2 Rammed 2 | . . . . . 2 Targets Rammed 2 | . . . . . 2 Kicked . | . . . . . . Crushed . | . . . . . . Highest Temperature 782 | 117 . 120 . 33 782 Average Temperature 155 | 59 . 41 . 17 173 Received Heat Transfer 1179 | . . . . . 1179 Effects 12 | . . . . . 12 Shutdowns 3 | . . . . . 3 Energy Bleed 1 | . . . . . 1 Matter Decay 2 | . . . . . 2 Short Circuit 3 | . . . . . 3 Damage (major) 3 | . . . . . 3 Siege Activations . | . . . . . . Robots Corrupted 1 | . . . . . 1 Combat Hostiles 1 | . . . . . 1 Parts Fried 10 | . . . . . 10 Impact Corruptions . | . . . . . . Robots Melted . | . . . . . . Combat Hostiles . | . . . . . . Parts Melted . | . . . . . . Heat Transferred 883 | 148 . 185 . . 550 Parts Sabotaged . | . . . . . . Parts Stolen . | . . . . . . Parts Stripped . | . . . . . . Power Chain Reactions 3 | . . . . . 3 Missiles Intercepted . | . . . . . . Alert | -11 -10 -10 -10 -9 -8 ------- Run | Scr Mat Min Exi Min Mat Peak Influence 263 | 5 3 85 . . 263 Average Influence 66 | 3 3 82 . . 93 Maximum Alert Level 1 | . . . . . 1 Low Security (%) 97 | . . . . . . Level 1 2 | . . . . . . Level 2 . | . . . . . . Level 3 . | . . . . . . Level 4 . | . . . . . . Level 5 . | . . . . . . High Security . | . . . . . . Max Security . | . . . . . . Squads Dispatched 7 | . . 1 . . 6 Investigation 3 | . . 1 . . 2 Extermination . | . . . . . . Reinforcement 4 | . . . . . 4 Assault . | . . . . . . Garrison . | . . . . . . Intercept . | . . . . . . Construction Impeded 1 | . . . . . 1 Haulers Reinforced . | . . . . . . Stealth | -11 -10 -10 -10 -9 -8 --------- Run | Scr Mat Min Exi Min Mat Distress Signals 5 | . . . . . 5 Communications Jammed . | . . . . . . Distress Signals . | . . . . . . Times Spotted 39 | . . 3 . . 36 Peak Tracking Total 12 | . . 3 . . 12 Tactical Retreats . | . . . . . . Traps | -11 -10 -10 -10 -9 -8 ------- Run | Scr Mat Min Exi Min Mat Traps Triggered 1 | . . . . . 1 Indirectly . | . . . . . . Trap Hack Attempts . | . . . . . . Triggered . | . . . . . . Disarmed . | . . . . . . Reprogrammed . | . . . . . . Reused . | . . . . . . Traps Extracted . | . . . . . . Installed . | . . . . . . Triggered 1 | . . . . . 1 Machines | -11 -10 -10 -10 -9 -8 ---------- Run | Scr Mat Min Exi Min Mat Machines Disabled 2 | . . . . . 2 Max in Single Turn 1 | . . . . . 1 Machines Sabotaged . | . . . . . . Garrisons Compromised . | . . . . . . Overloaded Fab Kills . | . . . . . . Fab Network Shutdowns . | . . . . . . Hacking | -11 -10 -10 -10 -9 -8 --------- Run | Scr Mat Min Exi Min Mat Machines Accessed 2 | . . 1 . . 1 Terminals 1 | . . . . . 1 Fabricators . | . . . . . . Repair Stations . | . . . . . . Recycling Units . | . . . . . . Scanalyzers . | . . . . . . Garrison Access . | . . . . . . Total Hacks 3 | . . 1 . . 2 Successful 3 | . . 1 . . 2 Failed . | . . . . . . Catastrophic . | . . . . . . Database Lockouts . | . . . . . . Manual 3 | . . . 1 . 2 Terminals 2 | . . . . . 2 Fabricators . | . . . . . . Repair Stations . | . . . . . . Recycling Units . | . . . . . . Scanalyzers . | . . . . . . Garrison Access . | . . . . . . Terminal Hacks 2 | . . 1 . . 1 Open Door 1 | . . 1 . . . Terminal Index 1 | . . . . . 1 Fabricator Hacks . | . . . . . . Repair Station Hacks . | . . . . . . Recycling Unit Hacks . | . . . . . . Scanalyzer . | . . . . . . Garrison Access Hacks . | . . . . . . Unauthorized Hacks 2 | . . . . . 2 Terminals 1 | . . . . . 1 Botnet 1 | . . . . . 1 Fabricators . | . . . . . . Repair Stations . | . . . . . . Recycling Units . | . . . . . . Scanalyzers . | . . . . . . Garrison Access . | . . . . . . Data Cores Recovered 1 | . . . . . 1 Used 1 | . . . . . 1 Hacking Detections 1 | . . . . . 1 Full Trace Events . | . . . . . . Feedback Events . | . . . . . . Feedback Blocked . | . . . . . . Robot Schematics Acquired . | . . . . . . Robots Built . | . . . . . . Matter . | . . . . . . Time . | . . . . . . Total Robot Build Rating . | . . . . . . Part Schematics Acquired . | . . . . . . Parts Built . | . . . . . . Matter . | . . . . . . Time . | . . . . . . Total Part Build Rating . | . . . . . . Parts Repaired . | . . . . . . Time . | . . . . . . Parts Recycled . | . . . . . . Recycled Matter . | . . . . . . Retrieved Matter . | . . . . . . Retrieved Components . | . . . . . . Parts Scanalyzed . | . . . . . . Part Schematics Acquired . | . . . . . . Parts Damaged . | . . . . . . Bothacking | -11 -10 -10 -10 -9 -8 ------------ Run | Scr Mat Min Exi Min Mat Used RIF Installer . | . . . . . . Robots Hacked . | . . . . . . Non-combat . | . . . . . . Combat . | . . . . . . Robot Hacks Applied . | . . . . . . Relay Couplers Released . | . . . . . . Robots Rewired . | . . . . . . Allies Hacked . | . . . . . . Hacks Repelled . | . . . . . . Allies | -11 -10 -10 -10 -9 -8 -------- Run | Scr Mat Min Exi Min Mat Total Allies . | . . . . . . Largest Group . | . . . . . . Highest-Rated Group . | . . . . . . Highest-Rated Ally . | . . . . . . Total Orders . | . . . . . . Ally Attacks . | . . . . . . Total Damage . | . . . . . . Kills . | . . . . . . Allies Corrupted . | . . . . . . Allies Melted . | . . . . . . Intel | -11 -10 -10 -10 -9 -8 ------- Run | Scr Mat Min Exi Min Mat Robot Analysis Total . | . . . . . . Derelict Logs Recovered 1 | . . . . 1 . Drone Launches . | . . . . . . Drone Recoveries . | . . . . . . Exploration | -11 -10 -10 -10 -9 -8 ------------- Run | Scr Mat Min Exi Min Mat Turns Passed 2292 | 73 50 243 499 368 1059 Spaces Moved 1161 | 50 37 155 302 202 415 Core 19 | 18 . . . . 1 Treads 981 | . . 63 302 202 414 Legs 161 | 32 37 92 . . . Wheels . | . . . . . . Hover . | . . . . . . Flight . | . . . . . . Fastest Speed 50 | 50 120 120 160 180 160 Average Speed 164 | 94 120 136 161 180 182 Slowest Speed 1200 | 120 120 160 180 180 1200 Overloaded Moves . | . . . . . . Propulsion Burnouts . | . . . . . . Robots Hopped . | . . . . . . Cave-ins Triggered . | . . . . . . Exploration Rate (%) 34 | 3 12 32 65 60 32 Regions Visited 5 Branch Regions 3 Pre-discovered Areas . | . . . . . . Known Exits Taken . | . . . . . . Unknown Exits Taken 5 | 1 1 1 1 1 . Scrap Searched 2 | . . 1 . 1 . Spaces Dug . | . . . . . . Terrain Destroyed 13 | . . . . . 13 Melee . | . . . . . . Projectile . | . . . . . . AOE 13 | . . . . . 13 Actions | -11 -10 -10 -10 -9 -8 --------- Run | Scr Mat Min Exi Min Mat Total 1417 | 69 42 175 315 204 612 Wait 89 | . 5 . . . 84 Move 1156 | 49 36 154 301 201 415 Hop . | . . . . . . Pick Up 48 | 10 1 6 4 1 26 Fast Attach 1 | 1 . . . . . Attach 21 | 6 . . 1 . 14 Detach 1 | . . . . . 1 Swap 19 | . . 4 3 1 11 Drop 26 | . . 5 6 . 15 Fire 54 | 3 . 6 . 1 44 Melee . | . . . . . . Ram . | . . . . . . Kick . | . . . . . . Crush 2 | . . . . . 2 Escape Stasis . | . . . . . . Rewire . | . . . . . . Trap . | . . . . . . Miscellaneous . | . . . . . . Route ------- -11/Scrapyard -10/Materials -10/Mines -10/Exiles -9/Mines -8/Materials History --------- Turn | Location | Event 13 | -11/Scrapyard | Discovered new exit (range 16) 74 | -11/Scrapyard | Entered Materials 93 | -10/Materials | Discovered new exit (range 16) 124 | -10/Materials | Entered Mines 179 | -10/Mines | Assembled infested the area 246 | -10/Mines | Met a Derelict shopkeep closing up shop 311 | -10/Mines | Build established: Mutant 360 | -10/Mines | Deemed a non-threat by the Exiles lab entrance 360 | -10/Mines | Discovered new exit (range 5) 367 | -10/Mines | Entered Exiles 406 | -10/Exiles | Met 8R-AWN 433 | -10/Exiles | Met EX-HEX 585 | -10/Exiles | Met EX-BIN 605 | -10/Exiles | Aligned with FarCom system 606 | -10/Exiles | Given EX-Vault access code 645 | -10/Exiles | Opened EX-Vault 660 | -10/Exiles | Found Prototype Ballistic Gun 694 | -10/Exiles | Warned to stay clear of 0b10 Research branches 738 | -10/Exiles | Met EX-DEC 852 | -10/Exiles | Discovered new exit (range 10) 866 | -10/Exiles | Left Exiles lab with XL Autogun Array 866 | -10/Exiles | Entered Mines 894 | -9/Mines | Met a Derelict bent on vengeance 1210 | -9/Mines | Learned Materials stockpile data 1210 | -9/Mines | Discovered new exit (range 6) 1234 | -9/Mines | Entered Materials 1234 | -8/Materials | Evolved 4 slots: Propulsion x2, Weapon x2 1236 | -8/Materials | Identified XL Autogun Array 1743 | -8/Materials | Build established: Scavenger-Skirmisher 2275 | -8/Materials | Destroyed 7 combat bots 2281 | -8/Materials | Core integrity fell below 50% 2291 | -8/Materials | Core integrity fell below 20% 2293 | -8/Materials | Self-destructed Last Messages --------------- 02269_ Lightning Gun destroyed. 02270_ K-01 Serf collects debris. 02272_ Overheating: Energy bleed (-6). 02273_ Power failure, Imp. Ion Engine shutdown. 02273_ Lgt. Treads destroyed. 02273_ K-01 Serf collects debris. 02275_ G-47 Trooper IFF system glitched. 02276_ Slammed into G-47 Trooper. 02276_ K-01 Serf collects debris. 02277_ Arm. Treads destroyed. 02278_ Slammed into G-47 Trooper. 02279_ Acquired 4 matter. 02280_ Overheating: Matter decay (-72). 02280_ Lgt. Treads destroyed. 02281_ K-01 Serf collects debris. 02288_ Overheating: Short circuit. 02288_ Imp. Ion Engine permanently disabled. 02288_ K-01 Serf collects debris. 02288_ Imp. Ion Engine destroyed. 02289_ K-01 Serf collects debris. Map ----- +----------------------------------------------------+ | ?????????????????????????????????????????????????? | | ?????????????????????????????????????????????????? | | ?????????????????????????????????????????????????? | | ?????????????????????????????????????????????????? | | ?????????????????????????????????????????????????? | | ?????????????????????????????????????????????????? | | ?????????????????????????????????????????????????? | | ?????????????????????????????????????????????????? | | ?????????????????????????????????????????????????? | | ?????????????????????????????????????????????????? | | ?????????????????????????????????????????????????? | | ?????????????????????????????????????????????????? | | ?????????????????????????????????????????????????? | | ??????????????????????????????????????????????? ?? | | ??????????????????????????????????????????????? # | | ??????????????????????????????????????????????? # | | ????????????????????###########???????????????? # | | ????????????????????# #??????????????? # | | ????????????????????# !!! #?############## # | | ????????????????????# !! #?# T | | ????????????????????#! !! #?# | | ????????????????????# k #?# | | ????????????????????# g![ ### | | ????????????????????# % [ggg! ##]] """" | | ????????????????????# !=g%=[=#?#]] """" | | ??????????????????# #####@#######] ""%%! | | ??????????? %%[=% ==%%[ | | ????????????T =* %*%%!k *==!] | | ??????????? =%[ k!=[ * ! #########% | | ???????????? ##########+######+####???????# | | ???????????????????????? ??????? ?????????# | | ???????????????????????? ????????? ???????# | | ???????????????????????? ?????????? ?????# | | ???????????????????????! ????????????" ????# | | ??????????????????????? ??????????????????# | | ??????????????????????? ??????????????????# | | ??????????????????????? ?????????########### * | | ?????????????????????? ?????????# = | | ?????????????????????? ?????????# | | ????????????????????????#?????????# | | ?????##########???????????????????#* !############ | | ###### !#???????????????????#!% #??????????? | | #%%%""" #???????????????????# !=#??????????? | | ! # %"""" #???Y????????######## #??????????? | | " """"" #?????######?# #??????????? | | * %""""" !#?????# """ # #??????????? | | %" """"" #?????# "T" # #??????????? | | = " %"""" =#?????# " " + %########??????????? | | # #"# """"" #?????# # #?????????????????? | | # ### #?????# # #?????????????????? | +----------------------------------------------------+ Best States ------------- Heat Dissipation 31 Energy Generation 12 Energy Capacity 265 Matter Stores 300 Matter Capacity 300 Sight Range 16 Terrain Scan Density 10 Armor Coverage 150 Evasion (%) 50 Recoil Reduction 4 Item Schematics ----------------- None Robot Schematics ------------------ None Fabricated ------------ Nothing Alien Tech Used ----------------- None Achievements -------------- None Challenges ------------ None Game ------ Seed StorageDynamicBoregun Manual? 0 Play Time 00:20:59 Cumulative 68.8 hours Start 2019.10.30 @ 19:58:30 End 2019.10.30 @ 20:16:02 Sessions 1 Manual Loads 0 Difficulty Rogue Special Mode None Game No. 108 Rogue 108 Adventurer 0 Explorer 0 Win Type - Total 0 Types 0/0/0/0/0/0/0 Lore% 27 Gallery% 40 Achievement% 29 Wizard Run 0 Options --------- ASCII 0 Keyboard 0 Movement Mouse Keybinds 0 Fullscreen 1 Font 18/SmallcapsGlow Map View 76x50 Tactical HUD 1 Map Filters NONE Filters NONE Steam 1 RUN: 08f90d0d-f3e5-46be-a8e5-b6c83d83d4bc